 Dungeon Crawl Stone Soup version 0.14-a0-102-g2341383 (webtiles) character file.

3706 Daniel the Spear-Bearer (level 9, -1/69 HPs)
             Began as a Minotaur Wanderer on Oct 3, 2013.
             Was an Initiate of Nemelex Xobeh.
             Slain by Psyche
             ... wielding a +4,+3 dagger of distortion
              (2 damage)
             ... on Level 8 of the Dungeon.
             The game lasted 00:24:28 (7041 turns).

Daniel the Spear-Bearer (Minotaur Wanderer)         Turns: 7041, Time: 00:24:29

HP  -1/69        AC 13     Str 21      XL: 9   Next: 68%
MP  10/10        EV  5     Int  8      God: Nemelex Xobeh [......]
Gold 447         SH 17     Dex  8 (10) Spells:  0 memorised, 11 levels left

Res.Fire  : . . .   See Invis. : .   l - +3,+0 spear
Res.Cold  : . . .   Warding    : .   v - +0 chain mail
Life Prot.: . . .   Conserve   : .   a - +0 shield
Res.Poison: .       Res.Corr.  : .   (helmet restricted)
Res.Elec. : .       Clarity    : .   (no cloak)
Sust.Abil.: . .     Spirit.Shd : .   (no gloves)
Res.Mut.  : .       Stasis     : .   n - +2 pair of elf boots
Res.Rott. : .       Flight     : .   (no amulet)
Saprovore : . . .                    (no ring)
                                     e - ring of flight

@: sage [Spellcasting, Transmutations], slightly resistant to hostile
enchantments, extremely unstealthy
A: retaliatory headbutt, horns 2
a: Renounce Religion, Evoke Flight


You were on level 8 of the Dungeon.
You worshipped Nemelex Xobeh.
Nemelex Xobeh was noncommittal.
You were hungry.

You visited 1 branch of the dungeon, and saw 8 of its levels.

You collected 397 gold pieces.

Inventory:

Hand weapons
 l - a +3,+0 spear (weapon)
Missiles
 f - 17 tomahawks (quivered)
 m - 33 poisoned needles
Armour
 a - a +0 shield (worn)
 n - a +2 pair of elven boots (worn)
 v - a +0 chain mail (worn)
Magical devices
 k - a wand of digging (15) {unknown}
 F - a wand of random effects (7) {unknown}
 N - a wand of paralysis (8)
Comestibles
 b - 12 sultanas
 d - 2 bread rations
 x - 2 chunks of iguana flesh
 A - 4 meat rations
 E - a chunk of rat flesh
Scrolls
 g - 3 scrolls of blinking {unknown}
 h - 8 scrolls of identify {unknown}
 i - 5 scrolls of teleportation {unknown}
 p - 2 scrolls of magic mapping {unknown}
 q - 4 scrolls of remove curse
 s - a scroll of immolation {unknown}
 w - 2 scrolls of curse jewellery {unknown}
 y - 2 scrolls of curse weapon {unknown}
 C - a scroll of curse armour {unknown}
 D - a scroll of enchant armour {unknown}
 M - 2 scrolls of enchant weapon II {unknown}
 P - a scroll of silence {unknown}
Jewellery
 e - a ring of flight (left hand)
Potions
 c - a potion of invisibility {unknown}
 j - 3 potions of curing
 o - a potion of heal wounds
 r - 3 potions of might {unknown}
 t - 2 potions of speed {unknown}
 u - 2 potions of flight {unknown}
 B - a potion of magic {unknown}
 I - 3 potions of mutation {unknown}
 J - a potion of agility {unknown}
 K - a potion of confusion {unknown}
 Q - 2 potions of slowing {unknown}
Books
 z - a book of Burglary

   Spells                             Type                      Level
   Apportation                        Translocation                1
   Swiftness                          Charms/Air                   2
   Passwall                           Transmutation/Earth          3
   Passage of Golubria                Translocation                4
   Lee's Rapid Deconstruction         Earth                        5
   Darkness                           Hexes                        7


   Skills:
 - Level 5.0 Fighting
 + Level 12.3 Polearms
 - Level 5.7 Armour
 - Level 2.4 Shields
 - Level 1.6 Spellcasting
   Level 2.8 Conjurations
   Level 0.7 Transmutations
   Level 2.1 Poison Magic
 * Level 3.6 Evocations


You had 11 spell levels left.
You didn't know any spells.

Dungeon Overview and Level Annotations

Branches:
Dungeon (8/27)             Temple (0/1) D:7
    Orc: D:6-11        Lair: D:8-13

Altars:
Fedhas
Nemelex Xobeh
Sif Muna
Zin

Portals:
Ossuary: D:8

Annotations:
D:8 Eustachio, Psyche


Innate Abilities, Weirdness & Mutations

You reflexively headbutt those who attack you in melee.
You have a pair of horns on your head.


Message History

Psyche hits you with a dagger of distortion.
* * * LOW HITPOINT WARNING * * *
Space warps horribly around you!
* * * LOW HITPOINT WARNING * * *
Psyche gestures at you while chanting. The puff of flame hits you!
* * * LOW HITPOINT WARNING * * *
Unknown command.
You hit Psyche but do no damage.
Psyche is lightly wounded.
Psyche hits you with a dagger of distortion.
* * * LOW HITPOINT WARNING * * *
Space bends around you.
* * * LOW HITPOINT WARNING * * *
The quokka zombie bites you but does no damage.
You barely miss Psyche.
Psyche is lightly wounded.
Psyche hits you with a dagger of distortion.
You die...
Your body disappears without a glow.

# ##..####.# . ..#
..... #.# .....#
###.####.# ####
......# #........#
#...
.....#.#.#.#.####.#
#.## <....#.....#
#.# #.# .r.#####.#
#.# #.# #r#####.#
#.####.#
#.###@@@zr.>#
#......#
#....5#####.#
######## #.###.#
#.# .....# #§#
#.###.....#
#z#####.........#
#@.@.##......####
####5z@5.....#
####.5#z.....#
#...§.@......#


You could see Eustachio, Psyche, an iron imp, a quokka zombie, a quokka and 2
rats.

Vanquished Creatures
  Joseph (D:8)
  An item mimic (D:7)
  Grinder (D:6)
  The ghost of casual the Ducker, an average OpTm of Sif Muna (D:4)
  2 sky beasts
  A black bear (D:6)
  An ogre (D:4)
  2 phantoms
  2 centaurs
  2 giant frogs
  A yak skeleton (D:8)
  4 orc priests
  A crimson imp (D:6)
  A quasit (D:8)
  A jelly (D:6)
  4 hounds
  6 orc wizards
  10 worker ants
  A scorpion (D:7)
  2 iguanas (D:7)
  A hound zombie (D:6)
  11 gnolls
  11 adders
  A worker ant zombie (D:5)
  2 giant mites (D:5)
  5 worms
  An adder zombie (D:5)
  2 giant eyeballs (D:4)
  6 giant geckos
  24 orcs
  10 bats
  3 giant cockroaches
  7 goblins
  8 hobgoblins
  4 jackals
  3 quokkas
  5 ball pythons
  5 giant newts
  8 kobolds
  2 kobold skeletons
  An orc skeleton (D:5)
  A quokka zombie (D:8)
  11 rats
  3 ballistomycetes (D:6)
180 creatures vanquished.

Vanquished Creatures (others)
  A goblin (D:6)
  A giant spore (D:6)
2 creatures vanquished.

Grand Total: 182 creatures vanquished

Notes
Turn   | Place    | Note
--------------------------------------------------------------
     0 | D:1      | Daniel, the Minotaur Wanderer, began the quest for the Orb.
     0 | D:1      | Reached XP level 1. HP: 15/15 MP: 2/2
   331 | D:1      | Reached skill level 1 in Armour
   360 | D:1      | Reached XP level 2. HP: 22/22 MP: 2/2
   927 | D:2      | Reached XP level 3. HP: 26/28 MP: 4/4
  1031 | D:2      | Reached skill level 3 in Polearms
  1230 | D:2      | Found a sparkling altar of Nemelex Xobeh.
  1722 | D:3      | Reached XP level 4. HP: 35/35 MP: 4/4
  2155 | D:3      | Noticed a phantom
  2176 | D:3      | Killed a phantom
  2176 | D:3      | Reached skill level 4 in Polearms
  2176 | D:3      | Reached XP level 5. HP: 26/41 MP: 4/4
  2326 | D:3      | Found a deep blue altar of Sif Muna.
  2326 | D:3      | Found a glowing silver altar of Zin.
  2593 | D:3      | Reached skill level 5 in Polearms
  2602 | D:3      | Reached XP level 6. HP: 15/49 MP: 6/6
  2932 | D:4      | Noticed casual's ghost (average OpTm)
  2961 | D:5      | Entered Level 5 of the Dungeon
  3111 | D:5      | Reached skill level 6 in Polearms
  3337 | D:5      | Reached XP level 7. HP: 56/56 MP: 6/6
  3548 | D:5      | Reached skill level 5 in Fighting
  3548 | D:5      | Reached skill level 7 in Polearms
  3680 | D:5      | Reached skill level 5 in Armour
  3880 | D:4      | Paralysed by a giant eyeball for 3 turns
  3894 | D:4      | Paralysed by a giant eyeball for 3 turns
  3984 | D:4      | Killed casual's ghost
  3984 | D:4      | Reached skill level 8 in Polearms
  4026 | D:4      | Reached XP level 8. HP: 42/63 MP: 6/6
  4376 | D:4      | Reached skill level 9 in Polearms
  4518 | D:4      | Noticed an ogre
  4526 | D:4      | Killed an ogre
  4941 | D:6      | Found a blossoming altar of Fedhas.
  4957 | D:6      | Reached skill level 10 in Polearms
  5094 | D:6      | Noticed Grinder
  5126 | D:6      | Killed Grinder
  5126 | D:6      | Reached skill level 11 in Polearms
  5327 | D:6      | Reached XP level 9. HP: 67/69 MP: 8/8
  5651 | D:7      | Paralysed by you for 2 turns
  5694 | D:7      | Found a sparkling altar of Nemelex Xobeh.
  5722 | D:7      | Became a worshipper of Nemelex Xobeh
  5742 | D:7      | Received a gift from Nemelex Xobeh
  5867 | D:7      | Reached skill level 12 in Polearms
  5867 | D:7      | Reached skill level 1 in Evocations
  6176 | D:7      | Killed a pair of gloves mimic
  6176 | D:7      | Reached skill level 1 in Conjurations
  6178 | D:7      | Found a staircase to the Ecumenical Temple.
  6920 | D:8      | Noticed Eustachio
  6921 | D:8      | Found a sand-covered staircase.
  6922 | D:8      | Noticed Psyche
  6933 | D:8      | Noticed Joseph
  7028 | D:8      | Killed Joseph
  7040 | D:8      | HP: 1/69 [Psyche/dagger of distortion (5)]
  7041 | D:8      | Slain by Psyche

Action                   |  1- 3 |  4- 6 |  7- 9 || total
-------------------------+-------+-------+-------++-------
Melee: Falchion          |    26 |       |       ||    26
       Spear             |    74 |   196 |   638 ||   908
Throw: Tomahawk          |     7 |     4 |    16 ||    27
Evoke: Deck              |       |       |     5 ||     5
       Wand              |       |       |     4 ||     4
  Use: Scroll            |       |       |     1 ||     1
       Potion            |       |       |     5 ||     5
